AoeStats
← 钓鱼佬

Arena

510503568Analyzed
4v4 RM · 7h ago on Oct 1, 2026· 35m 45s· 8 players
Game mode
Random Map
Map size
Large (8 player)
Population
200
Speed
Normal
Resources
Standard
Victory
Conquest
Starting age
Dark Age
Ending age
Imperial Age
RankedLock teamsTeams togetherTeam positionsShared explorationLock speedFull tech treeHidden civsTurbo modeCheats
Victory
Defeat
🇭🇰 Varangians · Hong Kong SAR China
1895
+8
🇨🇳 Britons · China
1824
+10
🇹🇼 Persians · Taiwan
1803
+11
🇹🇼 Bohemians · Taiwan
1771
+12
🇨🇳 Wei · China
1790
-13
🇺🇦 Britons · Ukraine
1748
-12
🇨🇳 Khmer · China
1650
-9
🇨🇳 Italians · China
1584
-7
gimin
10:53 Feudal Age
14:37 Castle Age
12:32 Double-Bit Axe
12:50 Horse Collar
15:32 Bow Saw
16:51 Fervor
20:24 Wheelbarrow
21:56 Redemption
23:07 Sanctity
24:16 Loom
29:17 Imperial Age
28:33 Fletching
29:58 Masonry
29:48 Murder Holes
30:06 Fortified Wall
31:29 Chemistry
30:01 Pikeman
30:45 Scale Mail Armor
32:14 Heavy Plow
32:11 Halberdier
32:52 Squires
34:38 Chain Mail Armor
35:53 Plate Mail Armor
35:33 Forging
T
11:08 Feudal Age
11:51 Double-Bit Axe
14:51 Castle Age
12:39 Horse Collar
15:06 Light Cavalry
16:13 Bow Saw
21:27 Wheelbarrow
21:30 Stone Mining
22:37 Gold Mining
23:08 Heavy Plow
24:42 Loom
25:12 Hand Cart
29:42 Imperial Age
27:05 Fletching
27:39 Padded Archer Armor
28:05 Ballistics
27:53 Bodkin Arrow
27:47 Elite Skirmisher
29:37 Leather Archer Armor
29:26 Town Watch
30:22 Bracer
31:24 Chemistry
30:56 Ring Archer Armor
30:19 Treadmill Crane
31:22 Coinage
32:16 Two-Man Saw
31:50 Scale Barding Armor
31:56 Bloodlines
31:47 Husbandry
32:55 Conscription
33:20 Chain Barding Armor
33:11 Forging
33:35 Crop Rotation
34:07 Stone Shaft Mining
35:39 Iron Casting
36:05 Plate Barding Armor
37:24 Blast Furnace
< blank >
9:56 Feudal Age
11:11 Double-Bit Axe
13:35 Castle Age
11:37 Horse Collar
14:31 Bow Saw
17:54 Wheelbarrow
18:31 Gold Mining
24:43 Imperial Age
22:01 Loom
22:37 Stone Mining
22:38 Town Watch
23:51 Hand Cart
24:19 Fletching
25:22 Forging
25:52 Conscription
25:51 Bodkin Arrow
26:42 Ballistics
26:52 Bracer
28:42 Chemistry
PlaysLikeGrandpa
11:11 Feudal Age
11:41 Double-Bit Axe
11:39 Horse Collar
14:33 Castle Age
15:24 Bow Saw
15:19 Heavy Plow
16:47 Loom
20:15 Wheelbarrow
20:20 Gold Mining
22:29 Hand Cart
22:19 Heavy Plow
23:33 Gold Shaft Mining
27:14 Imperial Age
24:31 Loom
24:32 Town Watch
24:52 Stone Mining
25:39 Scale Barding Armor
25:44 Forging
26:39 Stone Shaft Mining
26:43 Chain Barding Armor
27:05 Bloodlines
26:55 Husbandry
27:57 Iron Casting
26:51 Cavalier
28:45 Plate Barding Armor
28:14 Savar
30:00 Blast Furnace
36:44 Crop Rotation
37:15 Two-Man Saw
36:07 Fletching
钓鱼佬
10:49 Feudal Age
11:33 Double-Bit Axe
11:44 Horse Collar
14:29 Castle Age
16:09 Bow Saw
17:20 Gold Mining
18:27 Wheelbarrow
17:39 Loom
18:52 Fletching
19:56 Padded Archer Armor
20:24 Bodkin Arrow
22:51 Leather Archer Armor
25:05 Thumb Ring
26:48 Ballistics
28:10 Hand Cart
34:08 Imperial Age
31:29 Town Watch
32:21 Stone Mining
34:22 Elite Genoese Crossbowman
35:09 Bracer
36:15 Chemistry
lxnmnk Trade | B | S
10:40 Feudal Age
11:27 Double-Bit Axe
14:23 Castle Age
12:08 Horse Collar
15:22 Bow Saw
16:03 Wheelbarrow
16:03 Heavy Plow
17:16 Gold Mining
20:02 Hand Cart
19:44 Loom
26:10 Imperial Age
24:50 Fletching
25:21 Ballistics
25:49 Gold Shaft Mining
25:11 Stone Mining
26:51 Bodkin Arrow
27:46 Bracer
29:38 Chemistry
30:12 Padded Archer Armor
DZT_白霜魔头
8:50 Feudal Age
9:16 Double-Bit Axe
9:19 Horse Collar
9:47 Gold Mining
10:25 Stone Mining
13:04 Wheelbarrow
17:04 Castle Age
18:22 Bow Saw
21:27 Imperial Age
21:25 Loom
胖子事情多
10:12 Feudal Age
13:11 Castle Age
11:23 Double-Bit Axe
11:37 Horse Collar
14:45 Bow Saw
20:15 Loom
21:06 Wheelbarrow
23:32 Hand Cart
23:16 Town Watch
23:42 Scale Barding Armor
26:20 Chain Barding Armor
26:06 Heavy Plow
29:42 Imperial Age
27:50 Loom
28:21 Forging
28:38 Gold Mining
29:08 Bloodlines
28:58 Husbandry
29:35 Tusk Swords
30:34 Iron Casting
29:56 Elite Battle Elephant
34:17 Plate Barding Armor
Connection lost

Rejoining the realm…

Still unreachable

The connection could not be restored.

Session expired

The server has moved on; the page needs a fresh start.